 Dungeon Crawl Stone Soup version 0.20-a0-839-gdaf5c57 (webtiles) character file.

3746 4thArraOfDagon the Contemplative (level 10, -7/94 HPs)
             Began as a Naga Wanderer on Mar 8, 2017.
             Was a Priest of Cheibriados.
             Mangled by a red ugly thing (18 damage)
             ... on level 11 of the Dungeon.
             The game lasted 00:20:51 (3122 turns).

4thArraOfDagon the Contemplative (Naga Wanderer)    Turns: 3122, Time: 00:20:51

Health: -7/94      AC: 10    Str: 22    XL:     10   Next: 15%
Magic:  6/16       EV: 14    Int: 23    God:    Cheibriados [***...]
Gold:   345        SH:  5    Dex: 20    Spells: 8/11 levels left

rFire    . . .     SeeInvis +   Q - +1 flail (drain)
rCold    + + +     Gourm    .   q - +4 skin of Zhor {rC+++}
rNeg     . . .     Faith    .   d - +1 buckler
rPois    +         Spirit   .   r - +2 hat
rElec    .         Reflect  .   (no cloak)
rCorr    .         Harm     .   (no gloves)
MR       +....                  (no barding)
Stlth    ++........             (no amulet)
Regen    0.3/turn               D - +5 ring of slaying
MPRegen  0.2/turn               (no ring)

@: short of breath, very slow
A: see invisible, deformed body, poison resistance, slowness 2, slow metabolism
1, spit poison 1, AC +3
a: Spit Poison, Bend Time, Temporal Distortion, Renounce Religion


You were on level 11 of the Dungeon.
You worshipped Cheibriados.
Cheibriados was most pleased with you.
You were not hungry.

You visited 2 branches of the dungeon, and saw 12 of its levels.
You also visited: Sewer.

You collected 345 gold pieces.

Inventory:

Hand Weapons
 a - a +2 dagger
 x - a +3 flail
 B - a cursed -3 scythe
 Q - a +1 flail of draining (weapon)
Armour
 d - a +1 buckler (worn)
 e - a +0 robe
 q - the +4 skin of Zhor (worn) {rC+++}
   (You found it on level 4 of the Dungeon)

   It renders you almost immune to cold.
 r - a +2 hat (worn)
 J - the -8 shield "Nijaana" {*Corrode rPois Dex+2}
   (You found it on level 9 of the Dungeon)

   It affects your dexterity (+2).
   It protects you from poison.
   It may corrode you when you take damage.
Jewellery
 i - an uncursed ring of ice
 D - a +5 ring of slaying (right hand)
Wands
 s - a wand of random effects (19/48)
 C - a wand of clouds (5/9)
 L - a wand of flame (23/48)
 M - a wand of lightning (1/15)
 N - a wand of digging (15/24)
Scrolls
 n - 3 scrolls of teleportation
 p - 2 scrolls of blinking
 A - 3 scrolls of remove curse
 F - 3 scrolls of fear
 K - a scroll of recharging
Potions
 b - 2 potions of heal wounds
 g - 2 potions of mutation {unknown}
 h - 3 potions of curing {unknown}
 k - a potion of berserk rage
 l - a potion of brilliance {unknown}
 o - a potion of cancellation
 t - 3 potions of flight
 u - a potion of agility {unknown}
 v - a potion of degeneration
 z - a potion of haste
 H - a potion of resistance {unknown}
Books
 c - the Guide on Flames

   Spells                             Type                      Level
   a - Flame Tongue                   Conjuration/Fire             1
   b - Ignite Poison                  Fire/Transmutation/Poison    3
Comestibles
 f - a bread ration
 j - a meat ration
 E - 2 royal jellies
 I - 2 fruits


   Skills:
 - Level 7.2 Fighting
 - Level 4.0 Maces & Flails
 + Level 6.7 Dodging
 - Level 1.5 Stealth
 - Level 1.0 Shields
 - Level 1.0 Spellcasting
   Level 1.0 Summonings
 - Level 2.0 Fire Magic
   Level 1.0 Air Magic
   Level 3.0 Earth Magic
 + Level 8.8 Invocations


You had 8 spell levels left.
You knew the following spells:

 Your Spells              Type           Power        Failure   Level  Hunger
a - Flame Tongue          Conj/Fire      #....        14%         1    ##.....
b - Apportation           Tloc           #.....       21%         1    ##.....
c - Animate Skeleton      Necr           N/A          21%         1    ##.....


Dungeon Overview and Level Annotations

Branches:
Dungeon (11/15)            Temple (1/1) D:5
   Lair: D:8-11         Orc: D:9-12

Altars:
Cheibriados
Dithmenos
Elyvilon
Gozag
Hepliaklqana
Makhleb
Nemelex Xobeh
Okawaru
Qazlal
Ru
Sif Muna
Xom
Yredelemnul
The Shining One

Annotations:
D:8 Erica
D:9 Erolcha
D:10 exclusion: upstairs, Psyche


Innate Abilities, Weirdness & Mutations

You cannot wear boots.
Your serpentine skin is tough. (AC +3)
You have supernaturally acute eyesight. (SInv)
Armour fits poorly on your strangely shaped body.
Your system is resistant to poisons. (rPois)
You cover ground very slowly.
You have a slow metabolism.
You can spit poison.


Message History

Unknown command.
You can feel time thicken for a moment.
You kill the centaur!
Cheibriados thoroughly appreciates the change of pace.
You kill the centaur!
Cheibriados thoroughly appreciates the change of pace.
You kill the crimson imp!
Cheibriados thoroughly appreciates the change of pace.
You feel somewhat more hungry. The red ugly thing engulfs you!
You are engulfed in flames!
* * * LOW HITPOINT WARNING * * *
Unknown command.
Unknown command.
You can feel time thicken for a moment.
You feel somewhat more hungry.
You can no longer inflict damage on those overly hasty.
Cheibriados lowers the support of your attributes as your movement quickens.
The red ugly thing engulfs you!
* * * LOW HITPOINT WARNING * * *
You are engulfed in flames!!
You die...

*,,* *,........#
*,,,≈*,,,≈*,*,,* *,,*
*,........# *[..≈#,,,,,≈,,,*
*,,* *,........#
#...≈#∩,,,,,,,,* *,,*
*,........# #...≈###**,,*,,*
*,,* *,........#
#...≈≈≈≈≈,,**,,* *,,*
*,........# #.......,,,,,,,*
*,,* *,........#
#.....,,,,,,,,,* *,,*
*,........###..#********,,,*
*,,* *,.......(u@)).# *,,,*
*,,* *,.......####..# *,,,*
*,,* *,.......* #..# *,,,*
*,,* *,......}* #..# *,,,*
*,,* *,.......* #..# *,,,*
*,,* *,..###..* #..# *,,,*
,,,* *,..* #..* #..# *,,,*
,,,***,,,* *,,* #..# #...#
,,,,,,,,,* *,,* #..# #c..#


You could see a red ugly thing.

Vanquished Creatures
  A two-headed ogre (D:10)
  An unseen horror (D:10)
  Joseph (D:10)
  A troll (D:10)
  Sigmund (D:5)
  A hippogriff (D:7)
  An orc warrior (D:7)
  A black bear (D:7)
  5 centaurs
  A bullfrog (D:11)
  A wyvern skeleton (D:8)
  2 scorpions
  2 electric eels (D:10)
  A howler monkey (D:11)
  3 crimson imps
  2 bullfrog zombies
  4 hounds
  An orc priest (D:10)
  2 bullfrog skeletons (D:5)
  4 iguanas
  2 orc wizards (D:10)
  5 worker ants
  A hound skeleton (D:7)
  A howler monkey zombie (D:10)
  4 gnolls
  2 worker ant zombies
  6 adders
  3 shadow imps
  4 oozes (Sewer)
  2 adder zombies
  3 worms
  A dart slug (D:2)
  6 leopard geckos
  10 orcs
  4 giant cockroaches
  2 goblins
  2 hobgoblins
  4 jackals (Sewer)
  2 ball pythons (Sewer)
  8 bats
  A kobold (D:3)
  A quokka skeleton (D:4)
  3 rats
113 creatures vanquished.

Notes
Turn   | Place    | Note
-------+----------+-------------------------------------------
     0 | D:1      | 4thArraOfDagon the Naga Wanderer began the quest for the Orb.
     0 | D:1      | 4thArraOfDagon set off with: a +2 dagger, a potion of heal wounds, the Guide on Flames, a +0 buckler, a +0 robe, a bread ration
     0 | D:1      | Reached XP level 1. HP: 15/15 MP: 2/2
     6 | D:1      | Identified the Guide on Flames
    50 | D:1      | Reached skill level 1 in Fighting
    93 | D:2      | Reached XP level 2. HP: 25/25 MP: 3/3
   211 | D:3      | Reached XP level 3. HP: 26/33 MP: 4/4
   269 | D:4      | Noticed a scorpion
   276 | D:4      | Killed a scorpion
   276 | D:4      | Reached XP level 4. HP: 44/44 MP: 5/5
   296 | D:4      | Noticed a phantom
   471 | D:5      | Entered Level 5 of the Dungeon
   578 | D:5      | Found a staircase to the Ecumenical Temple.
   592 | Temple   | Entered the Ecumenical Temple
   648 | Temple   | Became a worshipper of Cheibriados the Contemplative
   685 | D:5      | Found a glowing drain.
   705 | D:5      | Reached XP level 5. HP: 48/51 MP: 6/6
   716 | Sewer    | Entered a sewer
   807 | Sewer    | Reached * piety under Cheibriados
  1084 | Sewer    | Reached skill level 5 in Fighting
  1090 | Sewer    | Learned a level 1 spell: Flame Tongue
  1247 | D:5      | HP: 2/52 [iguana (13)]
  1249 | D:5      | Reached ** piety under Cheibriados
  1249 | D:5      | Reached XP level 6. HP: 26/61 MP: 7/7
  1317 | D:5      | Found a shimmering altar of Xom.
  1318 | D:5      | Found a shimmering altar of Xom.
  1319 | D:5      | Found a shimmering altar of Xom.
  1319 | D:5      | Found a shimmering altar of Xom.
  1535 | D:5      | Reached skill level 1 in Maces & Flails
  1586 | D:6      | Reached XP level 7. HP: 34/70 MP: 8/8
  1612 | D:5      | Noticed Sigmund
  1624 | D:5      | Killed Sigmund
  1677 | D:6      | Found a shadowy altar of Dithmenos.
  1857 | D:6      | Reached *** piety under Cheibriados
  1910 | D:6      | Reached skill level 1 in Dodging
  1910 | D:6      | Reached skill level 1 in Invocations
  1910 | D:6      | Reached XP level 8. HP: 80/80 MP: 9/9
  1950 | D:6      | Reached skill level 2 in Invocations
  2149 | D:7      | Noticed a hippogriff
  2158 | D:7      | Killed a hippogriff
  2158 | D:7      | Reached skill level 3 in Invocations
  2288 | D:8      | Noticed Erica
  2381 | D:7      | Reached skill level 4 in Invocations
  2473 | D:9      | Learned a level 1 spell: Apportation
  2475 | D:9      | Learned a level 1 spell: Animate Skeleton
  2480 | D:9      | Got a dazzling shield
  2491 | D:9      | Identified the cursed -8 shield "Nijaana" {*Corrode rPois Dex+2} (You found it on level 9 of the Dungeon)
  2528 | D:10     | Entered Level 10 of the Dungeon
  2611 | D:10     | Noticed Joseph
  2623 | D:10     | Killed Joseph
  2623 | D:10     | Reached skill level 5 in Invocations
  2623 | D:10     | Reached XP level 9. HP: 43/86 MP: 11/13
  2676 | D:9      | Noticed Erolcha
  2676 | D:9      | Noticed a two-headed ogre
  2686 | D:10     | Noticed a troll
  2764 | D:10     | Killed a troll
  2764 | D:10     | Reached **** piety under Cheibriados
  2764 | D:10     | Reached skill level 6 in Invocations
  2858 | D:10     | Reached skill level 5 in Dodging
  2885 | D:10     | Noticed Psyche
  2930 | D:10     | Noticed a two-headed ogre
  2946 | D:10     | Killed a two-headed ogre
  2946 | D:10     | Reached skill level 7 in Invocations
  2971 | D:10     | Noticed an unseen horror
  2981 | D:10     | Killed an unseen horror
  2981 | D:10     | Reached skill level 8 in Invocations
  2981 | D:10     | Reached XP level 10. HP: 47/94 MP: 14/16
  2990 | D:10     | Noticed a cyclops
  3114 | D:11     | Noticed a red ugly thing
  3122 | D:11     | Mangled by a red ugly thing

Vault maps used:
D:1:      dpeg_arrival_tiny_e, minivault_25
D:2:      lemuel_doored_altar, first_bread
D:4:      uniq_eustachio
D:5:      xom_redecorated, minmay_temple_entry_statues, gup_sewer_entry_pipe,
          uniq_sigmund
D:6:      trog_eyes_of_draining, nicolae_dithmenos_through_a_glass_darkly
D:8:      serial_shops, shop, uniq_erica
D:9:      david_lair_shrubbed, serial_co_window_serial, co_window_paths_a,
          co_window_paths_a, co_window_paths_a, co_window_corner_a,
          co_window_paths_b, co_window_of_opportunity_a,
          co_window_of_opportunity_a, co_window_unsneaky_path_a,
          co_window_2corner, co_window_2corner, co_window_broadway_c,
          co_window_cross_2, glass_columns_a, glass_columns_a, glass_columns_a,
          glass_columns_b, glass_columns_b, uniq_erolcha
D:10:     david_orc_1_choice, uniq_joseph, uniq_psyche
D:11:     portal_ice_cave_rime, uniq_gastronok
Temple:   hc_temple_tempest_star
Sewer:    sewer_fruit_machine

Skill      XL: |  1  2  3  4  5  6  7  8  9 |
---------------+----------------------------+-----
Fighting       | 1 2 3 4 5 6 7 |  7.2
Maces & Flails | 1 4 |  4.0
Dodging        | 1 4 6 |  6.7
Invocations    | 1 5 8 |  8.8
Stealth        | |  1.5
Shields        | |  1.0
Spellcasting   | |  1.0
Summonings     | |  1.0
Fire Magic     | |  2.0
Air Magic      | |  1.0
Earth Magic    | |  3.0

Action                   |  1- 3 |  4- 6 |  7- 9 | 10-12 || total
-------------------------+-------+-------+-------+-------++-------
Melee: Dagger            |    23 |   193 |       |       ||   216
       Flail             |       |    21 |   112 |    13 ||   146
Invok: Bend Time         |       |       |     1 |       ||     1
       Slouch            |       |       |       |     2 ||     2
 Abil: Spit Poison       |    18 |    33 |    15 |     3 ||    69
Evoke: Wand              |       |     1 |    10 |       ||    11
  Use: Scroll            |       |     7 |     5 |     6 ||    18
       Potion            |       |     2 |       |       ||     2
 Stab: Sleeping          |       |       |     1 |       ||     1
       Confused          |       |       |     1 |       ||     1
  Eat: Chunk             |       |     4 |     4 |     1 ||     9
Armor: Robe              |     2 |       |       |       ||     2
       Animal skin       |       |   118 |    57 |     7 ||   182
Dodge: Dodged            |    11 |   110 |    92 |    15 ||   228
Block: Buckler           |     3 |    44 |    35 |     6 ||    88
